 Dungeon Crawl Stone Soup version 0.29-a0-2-g12fcac58f8 (webtiles) character file.

Game seed: 8174008468219040500

144 miscthings the Magician (level 5, -1/35 HPs)
             Began as a Djinni Conjurer on Jan 27, 2022.
             Slain by Ijyb (5 damage)
             ... on level 3 of the Dungeon.
             The game lasted 00:04:40 (2347 turns).

miscthings the Magician (Djinni Conjurer)           Turns: 2347, Time: 00:04:41

Health: -1/35      AC:  3    Str:  6    XL:     5   Next: 51%
Gold:   125        EV: 12    Int: 20    God:
                   SH:  0    Dex: 13

rFire   + + +      SeeInvis .   i - +3 quarterstaff (chaos)
rCold   . . .      Faith    .   (shield currently unavailable)
rNeg    . . .      Spirit   .   a - +0 robe
rPois   ∞          Reflect  .   k - +0 helmet
rElec   .          Harm     .   f - scarf {rC+ rF+}
rCorr   .          Rampage  .   (no gloves)
Will    .....                   (boots unavailable)
Stlth   ++........              (no amulet)
HPRegen 0.11/turn               (no ring)
MPRegen 0.00/turn               (no ring)

@: flying
A: sickness immunity, fire resistance 2, cold vulnerability 1, float, innate
caster, hp casting, extra vitality 1
a: no special abilities


You were on level 3 of the Dungeon.
You visited 1 branch of the dungeon, and saw 3 of its levels.

You collected 125 gold pieces.

Inventory:

Hand Weapons
 i - a +3 quarterstaff of chaos (weapon)
Armour
 a - a +0 robe (worn)
 f - a scarf of resistance (worn)
 j - a +0 cloak
 k - a +0 helmet (worn)
Jewellery
 h - a ring of fire
Wands
 c - a wand of digging (7)
Scrolls
 b - 4 scrolls of identify {unknown}
 d - a scroll of torment {unknown}
 e - a scroll of acquirement {unknown}
 g - a scroll of teleportation {unknown}
 l - a scroll of silence {unknown}


   Skills:
 - Level 2.1 Dodging
 - Level 1.5 Stealth
 + Level 5.0 Spellcasting


You couldn't memorise any spells.
You knew the following spells:

 Your Spells              Type           Power      Damage    Failure   Level
a - Searing Ray           Conj           50%        2d6       2%          2
b - Magic Dart            Conj           100%       1d8       1%          1
c - Dazzling Flash        Conj/Hex       50%        N/A       4%          3
d - Fulminant Prism       Conj/Hex       12%        3d9       14%         4
e - Iskenderun's Mystic   Conj/Tloc      25%        2d7       14%         4
f - Sting                 Tmut/Pois      100%       1d8       1%          1
z - Scorch                Fire           50%        2d8       2%          2
Your spell library was empty.

Dungeon Overview and Level Annotations

Branches:
Dungeon (3/15)

Altars:

Shops:
D:1 (

Annotations:
D:3 Ijyb


Innate Abilities, Weirdness & Mutations

You are immune to sickness and miasma.
You are immune to poison.
Your flesh is very heat resistant. (rF++)
You are vulnerable to cold. (rC-)
You float through the air rather than walking.
You learn spells naturally, not from books.
Your magical power is your life essence.
You have superior vitality. (+4 MHP)


Message History

Casting: Searing Ray (safe; 2% risk of failure)
Confirm with . or Enter, or press ? or * to list all spells.
Flames lash Ijyb.
Ijyb is heavily wounded.
Ijyb's fire resistance burns away.
Ijyb hits you with a +8 club!
* * * LOW HITPOINT WARNING * * *
Ijyb zaps a wand.
You resist with some effort.
Ijyb zaps a wand.
You turn into an insubstantial wisp.
Your +3 quarterstaff of chaos melds into your body.
Your scarf of resistance melds into your body.
Your +0 helmet melds into your body.
Your +0 robe melds into your body.
You feel hot and cold all over.
The now-empty wand crumbles to dust.
There is an open door here.
Ijyb is no longer more vulnerable to fire.
You reach down and close the door.
Something unseen breaks down the door.
Your transformation is almost over.
Okay, then.
There is an open door here.
Your transformation has ended.
Your +3 quarterstaff of chaos unmelds from your body.
Your scarf of resistance unmelds from your body.
Your +0 helmet unmelds from your body.
Your +0 robe unmelds from your body.
Your +3 quarterstaff of chaos is briefly surrounded by a scintillating aura of random colours.
You feel resistant to extremes of temperature.
There is a stone staircase leading up here.
Casting: Scorch (safe; 2% risk of failure)
Confirm with . or Enter, or press ? or * to list all spells.
Flames lash Ijyb.
Ijyb is severely wounded.
Ijyb's fire resistance burns away.
* * * LOW HITPOINT WARNING * * *
Casting: Scorch (safe; 2% risk of failure)
Confirm with . or Enter, or press ? or * to list all spells.
Flames lash Ijyb.
Ijyb is burned terribly!
Ijyb is almost dead.
* * * LOW HITPOINT WARNING * * *
Ijyb grins evilly.
Ijyb hits you with a +8 club.
You die...

# #.##########.#
#............#
#.######........
.......@........
#.#####g........ #
#.........
#.#####.........
+...............
#.....#.#########
.........(........
.#####.#.#########
###+#.......#


You could see Ijyb (combustible).

Vanquished Creatures
  Crazy Yiuf (D:2)
  Robin (D:2)
  A gnoll (D:1)
  2 adders
  2 worms
  An endoplasm (D:2)
  11 giant cockroaches
  9 hobgoblins
  10 kobolds
  2 quokkas
  6 ball pythons
  4 bats
  3 frilled lizards (D:1)
  10 goblins
  3 rats
66 creatures vanquished.

Notes
Turn   | Place    | Note
-------+----------+-------------------------------------------
     0 | D:1      | miscthings the Djinni Conjurer began the quest for the Orb.
     0 | D:1      | Reached XP level 1. HP: 15/15 MP: 0/0
    12 | D:1      | Found a faded altar of an unknown god.
    48 | D:1      | Reached XP level 2. HP: 15/21 MP: 0/0
   292 | D:1      | Reached XP level 3. HP: 11/25 MP: 0/0
   292 | D:1      | Learned a level 1 spell: Sting
   509 | D:1      | Found Boli's Antique Weapon Shoppe.
   544 | D:1      | Reached skill level 4 in Spellcasting
  1527 | D:2      | Reached XP level 4. HP: 29/31 MP: 0/0
  1598 | D:2      | Found a runed translucent door.
  1599 | D:2      | Noticed Crazy Yiuf
  1728 | D:2      | Killed Crazy Yiuf
  1729 | D:2      | Reached XP level 5. HP: 10/35 MP: 0/0
  1729 | D:2      | Learned a level 2 spell: Scorch
  1869 | D:2      | Noticed Robin
  1872 | D:2      | Killed Robin
  2296 | D:3      | Reached skill level 5 in Spellcasting
  2313 | D:3      | Noticed Ijyb
  2347 | D:3      | Slain by Ijyb

Illustrated notes

Levels and vault maps discovered:
D:1:      minmay_arrival_loop, layout_basic, serial_shops, shop,
          ebering_ecumenical_altar_webs, serial_glass, glass_columns_a,
          glass_columns_a, glass_columns_b, dk_noncrumbling_3,
          minmay_misc_feat_plants
D:2:      minmay_roachtagon, layout_basic, uniq_robin, uniq_crazy_yiuf_cottage
D:3:      layout_basic, nicolae_overflow_ecumenical_swirl,
          gammafunk_ghost_arena, uniq_ijyb

Skill      XL: |  1  2  3  4  5 |
---------------+----------------+-----
Spellcasting   | 4 5 |  5.0
Dodging        | |  2.1
Stealth        | |  1.5

Action                   |  1- 3 |  4- 6 || total
-------------------------+-------+-------++-------
Melee: Dagger            |     6 |     3 ||     9
 Cast: Magic Dart        |    16 |       ||    16
       Searing Ray       |    24 |    10 ||    34
       Scorch            |       |    11 ||    11
Armor: Robe              |     2 |     1 ||     3
Dodge: Dodged            |    15 |     2 ||    17

Table legend: (Time is in decaauts)
 A = Elapsed time spent in this place.
 B = Non-inter-level travel time spent in this place.
 C = Inter-level travel time spent in this place.
 D = Time resting spent in this place.
 E = Time spent auto-exploring this place.
 F = Levels seen in this place.
 G = Mean time per level.
                   A        B        C        D        E       F      G
               +--------+--------+--------+--------+--------+-----+--------+
         Total |   2331 |   2273 |     58 |   1075 |    861 |   3 |  777.0 |
       Dungeon |   2331 |   2273 |     58 |   1075 |    861 |   3 |  777.0 |
               +--------+--------+--------+--------+--------+-----+--------+

Top non-repeatable levels by time:
     D:1: 1253 daAuts
     D:2: 988 daAuts
     D:3: 88 daAuts
